 Dungeon Crawl Stone Soup version 0.30.1-11-g7821555f0a (webtiles) character file.

Game seed: 14550110964199759536

772 karkarkar the Digger (level 7, -1/41 HPs)
             Began as a Gargoyle Earth Elementalist on Jan 14, 2024.
             Was an Initiate of Ashenzari.
             Shot with an arrow by a centaur (2 damage)
             ... on level 7 of the Dungeon.
             The game lasted 00:15:24 (5638 turns).

karkarkar the Digger (Gargoyle Earth Elementalist)  Turns: 5638, Time: 00:15:25

Health: -1/41      AC:  9    Str: 11    XL:     7   Next: 83%
Magic:  14/14      EV: 12    Int: 18    God:    Ashenzari [......]
Gold:   235        SH:  0    Dex: 10    Spells: 11/15 levels left

rFire   . . .        w - +0 war axe
rCold   + . .        (no shield)
rNeg    + . .        a - +1 robe
rPois   ∞            E - +0 helmet
rElec   +            t - scarf {+Inv}
rCorr   .            (no gloves)
SInv    .            l - +0 pair of boots
Will    .....        (no amulet)
Stlth   ++           B - ring of flight
HPRegen 0.26/turn    C - ring of protection from cold
MPRegen 0.14/turn

%: no passive effects
@: about to teleport, flying
A: sickness immunity, AC +4, negative energy resistance 1, electricity
resistance, torment resistance 1, petrification resistance
a: Renounce Religion, Evoke Invisibility, Curse Item


You were on level 7 of the Dungeon.
You worshipped Ashenzari.
Ashenzari was noncommittal.
You visited 2 branches of the dungeon, and saw 8 of its levels.

You collected 235 gold pieces.

Inventory:

Hand Weapons
 w - a +0 war axe (weapon)
Missiles
 i - 7 poisoned darts
 D - a throwing net
Armour
 a - a +1 robe (worn)
 l - a +0 pair of boots (worn)
 t - a scarf of invisibility (worn)
 E - a +0 helmet (worn)
Magical Staves
 q - a staff of fire
Jewellery
 B - a ring of flight (left hand)
 C - a ring of protection from cold (right hand)
Wands
 v - a wand of flame (28)
 y - a wand of roots (7)
 A - a wand of paralysis (8)
Scrolls
 c - 2 scrolls of enchant armour
 d - 2 scrolls of brand weapon
 h - 3 scrolls of teleportation
 n - a scroll of noise
 r - a scroll of enchant weapon
 F - a scroll of amnesia {unknown}
Potions
 b - 3 potions of magic
 e - 2 potions of brilliance
 f - a potion of haste {unknown}
 g - 3 potions of might
 j - a potion of ambrosia {unknown}
 k - a potion of flight {unknown}
 m - 3 potions of heal wounds
 o - 2 potions of cancellation {unknown}
 p - 5 potions of curing {unknown}
 u - a potion of attraction {unknown}
 x - 4 potions of mutation {unknown}
 z - a potion of degeneration {unknown}
 G - a potion of lignification {unknown}


   Skills:
 * Level 3.0 Fighting
 + Level 0.7 Throwing
 + Level 1.9 Dodging
 + Level 2.5 Stealth
 + Level 0.2 Unarmed Combat
 + Level 4.7 Spellcasting
 * Level 3.2 Conjurations
 - Level 0.7 Transmutations
 + Level 6.8 Earth Magic


You had 11 spell levels left.
You knew the following spells:

 Your Spells              Type           Power      Damage    Failure   Level
a - Sandblast             Erth           56%        2d13      1%          1
b - Stone Arrow           Conj/Erth      44%        3d9       5%          3

Your spell library contained the following spells:

 Spells                   Type           Power      Damage    Failure   Level
 Passwall                 Tmut/Erth      14%        N/A       4%          2
 Static Discharge         Conj/Air       20%        2-3/arc   11%         2
 Apportation              Tloc           8%         N/A       14%         1
 Petrify                  Tmut/Erth      17%        N/A       28%         4
 Ignite Poison            Fire/Tmut/Pois 5%         N/A       36%         3
 Tukima's Dance           Hex            4%         N/A       38%         3
 Airstrike                Air            2%         2d(1-17)  80%         4
 Passage of Golubria      Tloc           4%         N/A       80%         4
 Summon Lightning Spire   Summ/Air       4%         N/A       80%         4
 Freezing Cloud           Conj/Ice/Air   4%         6-21      94%         5
 Yara's Violent Unravell  Hex/Tmut       2%         3d3       97%         5
 Cigotuvi's Dreadful Rot  Necr/Pois/Air  Unusable   N/A       N/A         2

Dungeon Overview and Level Annotations

Branches:
Dungeon (7/15)             Temple (1/1) D:4

Altars:
Ashenzari
Cheibriados
Dithmenos
Elyvilon
Fedhas
Gozag
Hepliaklqana
Kikubaaqudgha
Makhleb
Nemelex Xobeh
Okawaru
Qazlal
Ru
Sif Muna
Trog
Uskayaw
Vehumet
Xom
Zin

Annotations:
D:3 3 runed translucent doors, zazaan's ghost, amateur KoDe
D:6 1 runed translucent door, ZoaN's ghost, novice MiFi


Innate Abilities, Weirdness & Mutations

You are immune to sickness and miasma.
Your stone body is resilient. (AC +4)
You are immune to poison.
You resist negative energy. (rN+)
You are resistant to electric shocks. (rElec)
You are resistant to unholy torment.
You are immune to petrification.


Message History

The centaur shoots an arrow.
The arrow hits you! The water moccasin barely misses you.
The water moccasin closely misses you.
The water moccasin bites you but does no damage.
A phantom comes into view.
You hear a bark!
The water moccasin attacks as you move away!
The water moccasin bites you.
A vampire mosquito comes into view.
The vampire mosquito buzzes angrily.
You hear an angry buzzing noise. x2
The centaur shoots an arrow.
The arrow hits you!
A vampire mosquito comes into view.
The vampire mosquito buzzes angrily.
As you read the scroll of teleportation, it crumbles to dust.
You feel strangely unstable. The vampire mosquito barely misses you.
The centaur shoots an arrow.
The arrow hits you.
A vampire mosquito comes into view.
The water moccasin bites you but does no damage.
You hear a shout!
You are too injured to fight recklessly!
You are too injured to fight recklessly!
You hear a shout!
The vampire mosquito bites you.
A vampire mosquito comes into view.
The centaur shoots an arrow.
The arrow hits you.
The water moccasin bites you but does no damage.
The vampire mosquito bites you but does no damage.
The centaur shoots an arrow.
The arrow hits you!
* * * LOW HITPOINT WARNING * * *
The water moccasin bites you but does no damage.
A gnoll bouda comes into view. It is wielding a +0 club.
The vampire mosquito attacks as you move away!
The vampire mosquito bites you but does no damage.
The water moccasin bites you.
* * * LOW HITPOINT WARNING * * *
The vampire mosquito bites you but does no damage.
Unknown command.
The vampire mosquito attacks as you move away!
The vampire mosquito barely misses you.
The centaur shoots an arrow.
The arrow hits you.
You die...

**********,**,,,,,,*,,,,,*,,,*
*, *<*#...*..,,,*,,,,,,***,
*,*#...#.###g#,###...*#.
*,*#...#....c#,!.....,..
*,*#......#..,,.#...#*#.
#,*#.#..c.#.###.#...# #.
#.##.##...#.....#...# #)
#.....W......#......###)
**#..yy@.....#.###......
****#.y.S......#......>..)
#....y.######.....#.......
#.###.#* ##....#....... *,*
#.* *#.#...#....... *,* #.****
#.###.....##### *,* #,,,,*
##,*.#...## **+******,*
**..##### *,,,* *,* *#.*


You could see a water moccasin, 4 vampire mosquitoes, a phantom and a centaur.

Vanquished Creatures
  Menkaure (D:5)
  An ogre (D:6)
  A phantom (D:5)
  A gnoll sergeant (D:5)
  A bullfrog (D:6)
  A howler monkey (D:6)
  2 hounds (D:5)
  Natasha (D:3)
  3 iguanas
  3 gnolls (D:5)
  5 adders
  An ufetubus (D:6)
  A worm (D:2)
  A dart slug (D:3)
  3 orcs
  2 endoplasms
  10 goblins
  8 hobgoblins
  4 jackals (D:5)
  7 kobolds
  4 quokkas
  9 ball pythons
  7 bats
  A frilled lizard (D:1)
  6 rats
84 creatures vanquished.

Notes
Turn   | Place    | Note
-------+----------+-------------------------------------------
     0 | D:1      | karkarkar the Gargoyle Earth Elementalist began the quest
                  | for the Orb.
     0 | D:1      | Reached XP level 1. HP: 10/10 MP: 3/3
    77 | D:1      | Reached skill level 4 in Earth Magic
   135 | D:1      | Reached XP level 2. HP: 15/15 MP: 3/5
   819 | D:1      | Reached XP level 3. HP: 16/19 MP: 6/6
   960 | D:2      | Learned a level 3 spell: Stone Arrow
  1042 | D:2      | You fall into a shaft and drop 2 floors!
  1167 | D:3      | Noticed Natasha
  1297 | D:3      | Found an opulent altar of Gozag.
  1298 | D:3      | Found a broken altar of Ashenzari.
  1298 | D:3      | Found a shadowy altar of Dithmenos.
  1321 | D:3      | Found a bloodstained altar of Trog.
  1321 | D:3      | Found a blossoming altar of Fedhas.
  1321 | D:3      | Found a sparkling altar of Nemelex Xobeh.
  1322 | D:3      | Found a hide-covered altar of Uskayaw.
  1323 | D:3      | Found a sacrificial altar of Ru.
  1323 | D:3      | Found a white marble altar of Elyvilon.
  1324 | D:3      | Found a burning altar of Makhleb.
  1355 | D:3      | Became a worshipper of Ashenzari the Shackled
  1846 | D:2      | Reached XP level 4. HP: 23/24 MP: 4/8
  2532 | D:3      | Reached skill level 1 in Conjurations
  2532 | D:3      | Reached skill level 5 in Earth Magic
  2598 | D:3      | Found a runed translucent gate.
  2599 | D:3      | Found a runed translucent gate.
  2599 | D:3      | Found a runed translucent gate.
  2601 | D:3      | Noticed zazaan's ghost (amateur KoDe)
  2733 | D:3      | Killed Natasha
  2734 | D:3      | Reached XP level 5. HP: 28/28 MP: 7/10
  3031 | D:4      | Found a staircase to the Ecumenical Temple.
  3064 | Temple   | Entered the Ecumenical Temple
  3883 | D:5      | Entered Level 5 of the Dungeon
  3925 | D:5      | Reached skill level 1 in Fighting
  4134 | D:5      | Reached XP level 6. HP: 34/34 MP: 7/11
  4318 | D:5      | Noticed Menkaure
  4327 | D:5      | Killed Menkaure
  4450 | D:5      | Reached skill level 6 in Earth Magic
  4450 | D:5      | Reached XP level 7. HP: 21/40 MP: 8/13
  4743 | D:5      | Found a shimmering blue altar of Sif Muna.
  4743 | D:5      | Found an ancient bone altar of Kikubaaqudgha.
  4745 | D:5      | Found a radiant altar of Vehumet.
  4750 | D:5      | Got Sif Muna's Omnibus of Distance
  4961 | D:6      | Found a runed translucent door.
  5152 | D:6      | Noticed ZoaN's ghost (novice MiFi)
  5634 | D:7      | Noticed a vampire mosquito
  5634 | D:7      | Noticed a vampire mosquito
  5635 | D:7      | Noticed a vampire mosquito
  5636 | D:7      | Noticed a vampire mosquito
  5637 | D:7      | HP: 1/41 [water moccasin (6)]
  5638 | D:7      | Shot with an arrow by a centaur

Illustrated notes

Levels and vault maps discovered:
D:1:      dpeg_arrival_more_subterranean_lakeside_camping, layout_basic
D:2:      layout_loops_ring, minmay_unequal
D:3:      layout_loops_ring, nicolae_overflows_in_rows,
          gammafunk_ghost_necromancy, uniq_natasha
D:4:      layout_loops_ring, minmay_temple_entry_antechambers
D:5:      layout_loops_cross, grunt_temple_overflow_magic_moments, uniq_menkaure
D:6:      layout_rooms, hellmonk_ghost_happy_afterlife, minmay_misc_feat_square,
          kennysheep_donut
D:7:      hangedman_cross_stitches, layout_loops_ring,
          nicolae_tso_swordbearing_angel, lightli_ossuary_entry_decrepit_ruins,
          serial_shops, shop, kennysheep_potato
Temple:   nicolae_temple_two_arcs

Skill      XL: |  1  2  3  4  5  6  7 |
---------------+----------------------+-----
Earth Magic    | 4 5 6 |  6.8
Spellcasting   | 3 4 |  4.7
Conjurations   | 1 2 3 |  3.2
Fighting       | 1 2 3 |  3.0
Throwing       | |  0.7
Dodging        | |  1.9
Stealth        | |  2.5
Unarmed Combat | |  0.2
Transmutations | |  0.7

Action                     |  1- 3 |  4- 6 |  7- 9 || total
---------------------------+-------+-------+-------++-------
  Melee: Unarmed           |    16 |       |       ||    16
         Staff             |     4 |     7 |       ||    11
         War axe           |       |       |     3 ||     3
  Throw: Dart              |     1 |     8 |       ||     9
   Cast: Sandblast         |    52 |    65 |    16 ||   133
         Stone Arrow       |       |       |     5 ||     5
    Use: Scroll            |     3 |       |     8 ||    11
   Stab: Sleeping          |     2 |     2 |       ||     4
 Armour: Robe              |    19 |    13 |    11 ||    43
  Dodge: Dodged            |    17 |    22 |     6 ||    45
